 Dungeon Crawl Stone Soup version 0.30-a0-986-g7f2e898f52 (webtiles) character file.

Game seed: 12237539822647565368

16 Zonian the Ruffian (level 2, 15/15 HPs)
             Began as a Vine Stalker Gladiator on Apr 2, 2023.
             Was a Follower of Zin.
             Quit the game on level 1 of the Dungeon.
             The game lasted 00:00:57 (580 turns).

Zonian the Ruffian (Vine Stalker Gladiator)          Turns: 580, Time: 00:00:57

Health: 15/15      AC:  4    Str: 16    XL:     2   Next: 58%
Magic:  3/3        EV: 12    Int:  8    God:    Zin [*.....]
Gold:   54         SH:  0    Dex: 15    Spells: 1/1 levels left

rFire   . . .      SeeInvis .      - Unarmed
rCold   . . .      Faith    .    (no shield)
rNeg    . . .      Spirit   +    a - +0 leather armour
rPois   .          Reflect  .    b - +0 helmet
rElec   .          Rampage  .    (no cloak)
rCorr   .                        (no gloves)
Will    .....                    (no boots)
Stlth   +                        (no amulet)
HPRegen 0.22/turn                (no ring)
MPRegen 0.08/turn                (no ring)

@: no status effects
A: fangs 2, magic shield, antimagic bite, no potion heal 2
a: Renounce Religion, Recite, Donate Gold


You were on level 1 of the Dungeon.
You worshipped Zin.
Zin was aware of your devotion.
You visited 1 branch of the dungeon, and saw 1 of its levels.

You collected 59 gold pieces.
You donated 5 gold pieces to Zin.

Inventory:

Missiles
 c - 3 throwing nets (quivered)
 d - a javelin
Armour
 a - a +0 leather armour (worn)
 b - a +0 helmet (worn)
Scrolls
 e - a scroll of immolation {unknown}
 f - a scroll of identify {unknown}
 h - a scroll of blinking {unknown}
Potions
 g - a potion of mutation {unknown}


   Skills:
 + Level 2.0 Fighting
 + Level 2.1 Throwing
 + Level 2.6 Dodging
 + Level 3.2 Unarmed Combat


You had one spell level left.
You didn't know any spells.
Your spell library contained the following spells:

 Spells                   Type           Power      Damage    Failure   Level
 Apportation              Tloc           0%         N/A       47%         1
 Alistair's Intoxication  Tmut/Pois      0%         N/A       100%        5
 Malign Gateway           Summ/Tloc      0%         N/A       100%        7
 Summon Horrible Things   Summ           0%         N/A       100%        8


Dungeon Overview and Level Annotations

Branches:
Dungeon (1/15)

Altars:
Zin


Innate Abilities, Weirdness & Mutations

You have extremely sharp teeth.
When hurt, damage is shared between your health and your magic reserves.
Your bite disrupts and absorbs the magic of your enemies.
Potions cannot restore your health.


Message History

You see here a ball python corpse.
You now have 40 gold pieces (gained 10).
h - a scroll labelled CUZEUMOTOI
There is an escape hatch in the floor here.
You now have 59 gold pieces (gained 19).
There is an escape hatch in the floor here.
You see here a +0 ring mail.
Found a stone staircase leading down.
Unknown command.
A quokka comes into view.
A quokka is nearby!
Unknown command.
You hit the quokka. Your bite misses the quokka.
The quokka is severely wounded.
The quokka bites you but does no damage.
You barely miss the quokka. Your bite misses the quokka.
The quokka is severely wounded.
The quokka bites you but does no damage.
You hit the quokka but do no damage.
The quokka is severely wounded.
The quokka bites you.
You hit the quokka.
You kill the quokka!
Unknown command.
Unknown command.
Magic restored.
Found a faded altar of an unknown god.
Found a robe and a mace.
Unknown command.
Found a fizzy purple potion.
There is a faded altar of an unknown god here.
Unknown command.
Press < or > to pray at altars.
This altar belongs to (a) Uskayaw, (b) Zin or (c) Ashenzari, but you can't tell which.
Press the corresponding letter to learn more about a god, or press enter to convert or escape to cancel.
Zin accepts your prayer! Zin welcomes you!
You pay a tithe of 5 gold.
You can now donate money to Zin.
You can now recite Zin's Axioms of Law.
Okay, then.
Are you sure you want to abandon this character and quit the game? (Confirm with "yes".)

.....# #.#
#.##.P.##...# .....#
#... #...P...####
.....#......P#######
..#..P.PP.#......
#.PP..P..P#
#.PPP.....#
#..P.P....#
#.........#
#####@#####
#.P.....P.#
#..PP...P.#
#.......!P#
#..P......#
..#.)[..PP#.#
#.##.....P.### #.
#...P...#


There were no monsters in sight!

Vanquished Creatures
  2 dart slugs (D:1)
  3 ball pythons (D:1)
  A bat (D:1)
  2 endoplasms (D:1)
  2 quokkas (D:1)
  A kobold (D:1)
11 creatures vanquished.

Notes
Turn   | Place    | Note
-------+----------+-------------------------------------------
     0 | D:1      | Zonian the Vine Stalker Gladiator began the quest for the
                  | Orb.
     0 | D:1      | Reached XP level 1. HP: 11/11 MP: 2/2
   231 | D:1      | Reached XP level 2. HP: 15/15 MP: 3/3
   570 | D:1      | Found a faded altar of an unknown god.
   579 | D:1      | Prayed at the altar of an unknown god.
   579 | D:1      | Became a worshipper of Zin the Law-Giver
   579 | D:1      | Reached * piety under Zin
   580 | D:1      | Quit the game

Illustrated notes

Levels and vault maps discovered:
D:1:      heliophobic_arrival_enchanted_forest, layout_basic,
          shapermc_ecumenical_altar_gd, minmay_hexomino_f4

Skill      XL: |  1 |
---------------+----+-----
Fighting       | 2 |  2.0
Throwing       | 2 |  2.1
Dodging        | |  2.6
Unarmed Combat | |  3.2

Action                     || total
---------------------------++-------
  Melee: Unarmed           ||    24
         Bite              ||     7
   Stab: Sleeping          ||     2
 Armour: Leather armour    ||     5
  Dodge: Dodged            ||    16

Table legend: (Time is in decaauts)
 A = Elapsed time spent in this place.
 B = Non-inter-level travel time spent in this place.
 C = Inter-level travel time spent in this place.
 D = Time resting spent in this place.
 E = Time spent auto-exploring this place.
 F = Levels seen in this place.
 G = Mean time per level.
                   A        B        C        D        E       F      G
               +--------+--------+--------+--------+--------+-----+--------+
         Total |    578 |    578 |      0 |      0 |    478 |   1 |  578.0 |
       Dungeon |    578 |    578 |      0 |      0 |    478 |   1 |  578.0 |
               +--------+--------+--------+--------+--------+-----+--------+

Top non-repeatable levels by time:
     D:1: 578 daAuts
